 Dungeon Crawl Stone Soup version 0.20.0-15-g7f486f2 (console) character file.

63 removed the Ducker (level 3, -7/16 HPs)
             Began as a Spriggan Necromancer on June 9, 2017.
             Killed by divine providence
             ... invoked by an orc priest
              (9 damage)
             ... on level 1 of the Dungeon.
             The game lasted 00:01:52 (1291 turns).

removed the Ducker (Spriggan Necromancer)           Turns: 1291, Time: 00:01:53

Health: -7/16      AC:  2    Str:  5    XL:     3   Next: 87%
Magic:  5/8        EV: 22    Int: 16    God:
Gold:   91         SH:  0    Dex: 16    Spells: 6/7 levels left

rFire    . . .     SeeInvis +   a - +0 spear
rCold    . . .     Gourm    .   (shield restricted)
rNeg     . . .     Faith    .   g - +0 robe
rPois    .         Spirit   .   (helmet restricted)
rElec    .         Reflect  .   (no cloak)
rCorr    .         Harm     .   (gloves unavailable)
MR       .....                  (boots unavailable)
Stlth    ++........             (no amulet)
Regen    0.1/turn               (no ring)
MPRegen  0.2/turn               (no ring)

@: very quick
A: unfitting armour, see invisible, herbivore 3, speed 3, slow metabolism 2
a: no special abilities


You were on level 1 of the Dungeon.
You were not hungry.

You visited 1 branch of the dungeon, and saw 1 of its levels.

You collected 91 gold pieces.

Inventory:

Hand Weapons
 a - a +0 spear (weapon)
Armour
 g - a +0 robe (worn)
Scrolls
 e - a scroll of blinking {unknown}
 f - 2 scrolls of noise {unknown}
Potions
 h - a potion of flight {unknown}
Books
 b - a book of Necromancy

   Spells                             Type                      Level
   a - Pain                           Necromancy                   1
   b - Animate Skeleton               Necromancy                   1
   c - Vampiric Draining              Necromancy                   3
   d - Regeneration                   Charms/Necromancy            3
   e - Animate Dead                   Necromancy                   4
   f - Control Undead                 Necromancy                   4
Comestibles
 c - 3 bread rations
 d - 2 royal jellies


   Skills:
 + Level 0.0 Fighting
 - Level 6.2 Dodging
 - Level 3.0 Stealth
 - Level 2.6 Spellcasting
 - Level 3.6 Necromancy


You had 6 spell levels left.
You knew the following spells:

 Your Spells              Type           Power        Failure   Level  Hunger
a - Pain                  Necr           ##..         4%          1    #......


Dungeon Overview and Level Annotations

Branches:
Dungeon (1/15)

Altars:


Innate Abilities, Weirdness & Mutations

You are very small and have problems with some larger weapons.
You are too small for most types of armour.
You have supernaturally acute eyesight. (SInv)
You are a herbivore.
You cover ground extremely quickly.
You need consume almost no food.


Message History

The orc priest looks braver for a moment.
You hit the orc priest.
The orc priest is almost dead.
The orc priest barely misses you.
You barely miss the orc priest.
The orc priest is almost dead.
The orc priest closely misses you.
You hit the orc priest but do no damage.
The orc priest is almost dead.
The orc priest mumbles some strange prayers to Beogh against you.
You struggle to resist.
You closely miss the orc priest.
The orc priest is almost dead.
The orc priest casts a cantrip, but nothing happens.
You barely miss the orc priest.
The orc priest is almost dead.
The orc priest invokes the aid of Beogh against you.
Beogh smites you!
Ouch! That really hurt!
You die...

#.########......o.# #..##.##
##..............##)# #..)..).
.....########...##.#######.......
........######...#...............
♣..........#####.#....####..#####
♣♣♣♣♣♣.)....## #.####.# #..# #
♣♣♣.....###.# #.# #... ..#
♣♣♣....##.# #.# ##.# #.# ♣
♣♣♣....@####.#####.# #.# ♣♣♣
♣♣♣♣..o##......#.# #.# ..♣♣♣♣♣
♣♣♣....####...###.# ♣♣....♣♣♣♣
♣.....## ###...... ♣♣♣♣♣...♣♣
♣♣.....#####.###.. ♣♣.♣♣♣(♣♣♣♣
♣♣.......##...... ♣♣♣.♣♣ ♣♣...♣♣♣
♣♣.............# ♣♣..♣♣
♣♣♣...♣♣♣♣♣♣.....####### ..♣♣♣
♣♣♣..≈≈≈♣♣♣♣♣♣..##


You could see an orc priest.

Vanquished Creatures
  An orc priest (D:1)
  A gnoll (D:1)
  An ooze (D:1)
  A dart slug (D:1)
  An orc (D:1)
  5 bats (D:1)
  A goblin (D:1)
  4 hobgoblins (D:1)
  2 frilled lizards (D:1)
  A kobold (D:1)
18 creatures vanquished.

Notes
Turn   | Place    | Note
-------+----------+-------------------------------------------
     0 | D:1      | removed the Spriggan Necromancer began the quest for the Orb.
     0 | D:1      | Reached XP level 1. HP: 9/9 MP: 5/5
   312 | D:1      | Reached skill level 4 in Dodging
   530 | D:1      | Reached XP level 2. HP: 13/13 MP: 4/6
   956 | D:1      | Reached skill level 5 in Dodging
  1008 | D:1      | Reached XP level 3. HP: 12/16 MP: 8/8
  1246 | D:1      | Reached skill level 6 in Dodging
  1291 | D:1      | Killed from afar by an orc priest

Skill      XL: |  1  2  3 |
---------------+----------+-----
Dodging        | 4 5 6 |  6.2
Stealth        | |  3.0
Spellcasting   | |  2.6
Necromancy     | |  3.6

Action                   || total
-------------------------++-------
Melee: Spear             ||    63
 Cast: Pain              ||    30
 Stab: Sleeping          ||     1
Armor: Robe              ||     7
Dodge: Dodged            ||    58
